 Dungeon Crawl Stone Soup version 0.27-a0-1144-g0b7d3b79db (webtiles) character file.

Game seed: 1737970611439542717

874 jien the Covered (level 8, -1/49 HPs)
             Began as a Gargoyle Fighter on May 10, 2021.
             Slain by a water moccasin (4 damage)
             ... on level 5 of the Dungeon.
             The game lasted 00:06:21 (3698 turns).

jien the Covered (Gargoyle Fighter)                 Turns: 3698, Time: 00:06:22

Health: -1/49      AC: 13    Str: 23    XL:     8   Next: 4%
Magic:  0/8        EV:  8    Int:  8    God:
Gold:   203        SH: 10    Dex:  9    Spells: 7/7 levels left

rFire    . . .     SeeInvis .   a - +0 war axe
rCold    . . .     Faith    .   c - +0 kite shield
rNeg     + . .     Spirit   +   b - +0 scale mail
rPois    ∞         Reflect  .   (no helmet)
rElec    +         Harm     .   (no cloak)
rCorr    .         Rampage  .   (no gloves)
Will     .....                  (no boots)
Stlth    ..........             n - amulet of guardian spirit
HPRegen  0.16/turn              (no ring)
MPRegen  0.11/turn              (no ring)

@: no status effects
A: sickness immunity, AC +5, negative energy resistance 1, electricity
resistance, torment resistance 1, petrification resistance
a: no special abilities


You were on level 5 of the Dungeon.
You visited 1 branch of the dungeon, and saw 5 of its levels.

You collected 203 gold pieces.

Inventory:

Hand Weapons
 a - a +0 war axe (weapon)
Armour
 b - a +0 scale mail (worn)
 c - a +0 kite shield (worn)
Jewellery
 n - an amulet of guardian spirit (around neck)
Scrolls
 g - 2 scrolls of magic mapping {unknown}
 h - a scroll of fog {unknown}
 j - a scroll of identify {unknown}
 l - 2 scrolls of noise {unknown}
 m - a scroll of teleportation {unknown}
Potions
 d - a potion of might
 e - 3 potions of ambrosia {unknown}
 f - a potion of haste {unknown}
 i - 3 potions of curing {unknown}
 k - a potion of invisibility {unknown}
 o - a potion of degeneration {unknown}


   Skills:
 + Level 5.3 Fighting
 * Level 5.4 Axes
 + Level 5.4 Armour
 + Level 5.3 Shields


You had 7 spell levels left.
You didn't know any spells.
Your spell library contained the following spells:

 Spells                   Type           Power      Damage    Failure   Level
 Summon Small Mammal      Summ           0%         N/A       98%         1
 Call Imp                 Summ           0%         N/A       99%         2
 Call Canine Familiar     Summ           0%         N/A       100%        3
 Summon Guardian Golem    Hex/Summ       0%         N/A       100%        3
 Summon Ice Beast         Ice/Summ       0%         N/A       100%        4
 Summon Lightning Spire   Summ/Air       0%         N/A       100%        4


Dungeon Overview and Level Annotations

Branches:
Dungeon (5/15)
 Temple: D:4-7

Altars:
Ashenzari
Cheibriados
Makhleb
Qazlal
Zin

Shops:
D:3 *


Innate Abilities, Weirdness & Mutations

You are immune to sickness and miasma.
Your stone body is resilient. (AC +5)
You are immune to poison.
You resist negative energy. (rN+)
You are resistant to electric shocks. (rElec)
You are resistant to unholy torment.
You are immune to petrification.


Message History

The water moccasin bites you. You block the necrophage's attack.
The water moccasin bites you.
You barely miss the necrophage.
The necrophage is almost destroyed.
You miss the water moccasin. You block the water moccasin's attack.
The necrophage hits you but does no damage.
You block the water moccasin's attack. The necrophage hits you.
You slash the necrophage!
You destroy the necrophage!
You closely miss the water moccasin. You block the water moccasin's attack.
The water moccasin bites you but does no damage.
You block the ogre's attack.
You have reached level 8!
You feel stronger.
You miss the water moccasin.
The water moccasin is lightly wounded.
You hit the ogre.
The water moccasin bites you but does no damage.
The water moccasin barely misses you. The ogre hits you with a +0 giant club!
You slash the ogre!
The ogre is heavily wounded.
You closely miss the water moccasin.
The water moccasin bites you but does no damage.
The water moccasin bites you. The ogre closely misses you.
Unknown command.
You are too injured to fight recklessly!
Unknown command.
You are too injured to fight recklessly!
You slash the ogre!
The ogre is almost dead.
You closely miss the water moccasin. You block the water moccasin's attack.
You block the ogre's attack. The water moccasin barely misses you.
You completely miss the ogre.
The ogre is almost dead.
You hit the water moccasin.
The water moccasin bites you but does no damage.
The ogre hits you with a +0 giant club!!
* * * LOW HITPOINT WARNING * * *
The water moccasin bites you.
You die...

###..# # .# ### #.#. $ $..# #.#
#.#..$##$..# #.# ####.#..#$$#..
#.# #....##......#### #.#
###....###.{wZ##..#####.# ##
#........##OS##[#.#.....#####
.####).......##.@#..............#
....)........###...##.#.#######.#
#######...#### ##..##.#.# #..
#...#######..##.#.########.
##.........).##.#.#........
#..#######.###.#.#.######+
#.....# #.#.......#
###.##.####.#.......#
....##............#.#


You could see a water moccasin, an ogre, a dart slug and a hound skeleton.

Vanquished Creatures
  An ice beast (D:5)
  2 black bears (D:4)
  A necrophage (D:5)
  Blork the orc (D:4)
  A water moccasin skeleton (D:4)
  A jelly (D:4)
  3 hounds
  A gnoll shaman (D:5)
  An iguana (D:4)
  A hound zombie (D:5)
  2 hound skeletons (D:4)
  11 gnolls
  2 adders
  A worm (D:3)
  2 dart slugs (D:4)
  5 orcs
  5 ball pythons
  3 endoplasms
  2 giant cockroaches (D:4)
  7 goblins
  8 hobgoblins
  8 jackals (D:1)
  11 kobolds
  4 quokkas
  3 bats
  3 frilled lizards
  A quokka skeleton (D:4)
  5 rats
96 creatures vanquished.

Notes
Turn   | Place    | Note
-------+----------+-------------------------------------------
     0 | D:1      | jien the Gargoyle Fighter began the quest for the Orb.
     0 | D:1      | Reached XP level 1. HP: 14/14 MP: 1/1
   196 | D:1      | Reached XP level 2. HP: 17/19 MP: 2/2
   355 | D:1      | Found a faded altar of an unknown god.
   408 | D:1      | Reached XP level 3. HP: 22/23 MP: 3/3
  1005 | D:2      | Found a stormy altar of Qazlal.
  1317 | D:3      | Reached XP level 4. HP: 25/29 MP: 4/4
  1529 | D:3      | Found a burning altar of Makhleb.
  1535 | D:3      | Found a glowing silver altar of Zin.
  1535 | D:3      | Noticed an angel
  1536 | D:3      | Noticed a cacodemon
  1569 | D:3      | Found Meisia's Assorted Antiques.
  1839 | D:3      | Found a broken altar of Ashenzari.
  1958 | D:4      | Reached XP level 5. HP: 24/33 MP: 5/5
  2081 | D:4      | Noticed Blork the orc
  2093 | D:4      | Killed Blork the orc
  2099 | D:4      | Reached XP level 6. HP: 12/38 MP: 2/6
  2386 | D:4      | Noticed a black bear
  2400 | D:4      | Killed a black bear
  2933 | D:4      | Noticed a black bear
  2941 | D:4      | Killed a black bear
  2942 | D:4      | Reached XP level 7. HP: 40/44 MP: 5/7
  3304 | D:5      | Entered Level 5 of the Dungeon
  3336 | D:5      | Found a snail-covered altar of Cheibriados.
  3392 | D:5      | Reached skill level 5 in Fighting
  3392 | D:5      | Reached skill level 5 in Armour
  3397 | D:5      | Reached skill level 5 in Shields
  3619 | D:5      | Reached skill level 5 in Axes
  3695 | D:5      | Reached XP level 8. HP: 35/49 MP: 6/8
  3698 | D:5      | Slain by a water moccasin

Illustrated notes

Levels and vault maps discovered:
D:1:      giann_forest_graveyard, layout_rooms,
          shapermc_ecumenical_altar_notcrosses, due_unseen_surprise
D:2:      layout_rooms, basic_altar, nrook_mini_backslash, kennysheep_cross_room
D:3:      layout_rooms, grunt_temple_overflow_order_and_chaos_2,
          amcnicky_altar_gilded, serial_shops, nicolae_shop_crystal
D:4:      layout_basic, uniq_blork_the_orc
D:5:      minmay_polygon_palace, layout_loops_ring, kennysheep_mini_moat,
          minitemple, minmay_pentangle

Skill      XL: |  1  2  3  4  5  6  7 |
---------------+----------------------+-----
Axes           | 2 3 4 5 |  5.4
Fighting       | 4 5 |  5.3
Armour         | 4 5 |  5.4
Shields        | 4 5 |  5.3

Action                   |  1- 3 |  4- 6 |  7- 9 || total
-------------------------+-------+-------+-------++-------
Melee: War axe           |   113 |   151 |    96 ||   360
Armor: Scale mail        |    86 |   122 |    54 ||   262
Dodge: Dodged            |    48 |    55 |    39 ||   142
Block: Kite shield       |    86 |   116 |    72 ||   274

Table legend: (Time is in decaauts)
 A = Elapsed time spent in this place.
 B = Non-inter-level travel time spent in this place.
 C = Inter-level travel time spent in this place.
 D = Time resting spent in this place.
 E = Time spent auto-exploring this place.
 F = Levels seen in this place.
 G = Mean time per level.
                   A        B        C        D        E       F      G
               +--------+--------+--------+--------+--------+-----+--------+
         Total |   3893 |   3803 |     90 |      0 |   3034 |   5 |  778.6 |
       Dungeon |   3893 |   3803 |     90 |      0 |   3034 |   5 |  778.6 |
               +--------+--------+--------+--------+--------+-----+--------+

Top non-repeatable levels by time:
     D:4: 1492 daAuts
     D:1: 708 daAuts
     D:2: 640 daAuts
     D:3: 632 daAuts
     D:5: 419 daAuts
